 Dungeon Crawl Stone Soup version 0.17-a0-1984-g55f5988 (webtiles) character file.

37 Ordine the Magician (level 3, -1/19 HPs)
             Began as a Deep Elf Wizard on Oct 6, 2015.
             Slain by Robin
             ... wielding a +0 whip
              (3 damage)
             ... on level 1 of the Dungeon.
             The game lasted 00:06:46 (1009 turns).

Ordine the Magician (Deep Elf Wizard)               Turns: 1009, Time: 00:06:46

Health: -1/19      AC:  3    Str:  4    XL:     3   Next: 23%
Magic:  2/11       EV: 12    Int: 23    God:
Gold:   41         SH:  0    Dex: 13    Spells: 3 memorised, 7 levels left

rFire  . . .     SeeInvis .     n - +1 dagger
rCold  . . .     Clarity  .     a - +1 robe
rNeg   . . .     SustAt   .     (no shield)
rPois  .         Gourm    .     b - +0 hat
rElec  .         Spirit   .     (no cloak)
rCorr  .         Warding  .     (no gloves)
rMut   .         Stasis   .     (no boots)
MR     .....                    (no amulet)
Stlth  ++........               (no ring)
                                (no ring)

@: not resistant to hostile enchantments, unstealthy
A: no striking features
a: no special abilities


You were on level 1 of the Dungeon.
You were not hungry.

You visited 1 branch of the dungeon, and saw 2 of its levels.

You collected 41 gold pieces.

Inventory:

Hand Weapons
 n - a +1 dagger (weapon)
Armour
 a - a +1 robe (worn)
 b - a +0 hat (worn)
Potions
 e - a potion of lignification
 f - a potion of degeneration {unknown}
 l - 2 potions of curing {unknown}
 p - a potion of might {unknown}
 t - 2 potions of haste {unknown}
Books
 c - a book of Minor Magic

   Spells                             Type                      Level
   a - Magic Dart                     Conjuration                  1
   b - Blink                          Translocation                2
   c - Call Imp                       Summoning                    2
   d - Repel Missiles                 Charms/Air                   2
   e - Slow                           Hexes                        2
   f - Conjure Flame                  Conjuration/Fire             3
   g - Mephitic Cloud                 Conjuration/Poison/Air       3
Comestibles
 d - 2 bread rations
 g - 3 chunks of flesh
 i - 2 meat rations
 k - a royal jelly


   Skills:
 - Level 2.4 Dodging
 - Level 2.4 Stealth
 + Level 5.0 Spellcasting
 * Level 2.9 Conjurations
   Level 1.1 Summonings
 - Level 1.1 Translocations


You had 7 spell levels left.
You knew the following spells:

 Your Spells              Type           Power        Failure   Level  Hunger
a - Magic Dart            Conj           ###.         2%          1    None
b - Blink                 Tloc           N/A          12%         2    None
c - Repel Missiles        Chrm/Air       #.....       17%         2    None


Dungeon Overview and Level Annotations

Branches:
Dungeon (2/15)

Altars:

Annotations:
D:1 Robin


Message History

Confirm with . or Enter, or press ? or * to list all spells.
You blink.
Robin hits you but does no damage.
Casting: Blink
Confirm with . or Enter, or press ? or * to list all spells.
Aiming: Magic Dart
Press: ? - help, Shift-Dir - straight line, f/p - Robin
Aim: Robin, wielding a whip, wearing an animal skin and wearing a helmet (moderately wounded)
The magic dart hits Robin.
Robin is severely wounded.
Robin hits you with a whip!
* * * LOW HITPOINT WARNING * * *
Casting: Magic Dart
Confirm with . or Enter, or press ? or * to list all spells.
Aiming: Magic Dart
Press: ? - help, Shift-Dir - straight line, f/p - Robin
Aim: Robin, wielding a whip, wearing an animal skin and wearing a helmet (severely wounded)
Okay, then.
Robin hits you with a whip.
You die...

#......#....#..#.#.........#
#..##...............#......#
..................[........#
#..........................#
...))......................#
..#....#...................#
#....)#####...#.#####......#
#........##...#.### ########
#...............@.#########
.......)........#g.....[..#
....(####......##.........#
.#..(# #......##.........#
##...# #......##.........#
.).### ##....##.>........#
.#### #....#...........#
....######.....†#.........#
###.........†.#.#.........#


You could see Robin.

Vanquished Creatures
  A giant gecko (D:1)
  4 bats
  6 giant cockroaches (D:1)
  4 goblins (D:1)
  4 hobgoblins (D:1)
  3 jackals (D:1)
  A giant newt (D:1)
  6 kobolds (D:1)
  A rat (D:2)
30 creatures vanquished.

Notes
Turn   | Place    | Note
--------------------------------------------------------------
     0 | D:1      | Ordine the Deep Elf Wizard began the quest for the Orb.
     0 | D:1      | Reached XP level 1. HP: 10/10 MP: 7/7
   283 | D:1      | Reached XP level 2. HP: 15/15 MP: 4/9
   290 | D:1      | Learned a level 2 spell: Blink
   293 | D:1      | Learned a level 2 spell: Repel Missiles
   816 | D:1      | Reached XP level 3. HP: 19/19 MP: 9/11
   873 | D:2      | Noticed Robin
   962 | D:1      | Reached skill level 5 in Spellcasting
  1009 | D:1      | Slain by Robin

Vault maps used:
D:1:      wheals_arrival_linesprint
D:2:      makhleb_heckhound_becter, uniq_robin

Action                   || total
-------------------------++-------
Melee: Unarmed           ||    18
       Dagger            ||     9
       Short sword       ||     1
 Cast: Magic Dart        ||    75
       Blink             ||     2
  Use: Scroll            ||     9
